Map: Babylon LE

Players

NoobToss

  • Race: Terran Terran
  • League: Platinum
  • Spawn Location: 11:00

Dobby - Winner!

  • Race: Zerg Zerg
  • League: Diamond
  • Spawn Location: 5:00

VOD

Have the link to the VOD?

Description

Time

  • Played on: March 20, 2023, 3:03 p.m.
  • Length: 8:23
Show
View Real Time Build Order
Export as new Build Order

NoobToss Terran 

Build Orders: Reaper Expand 

Get SALT Encoding   

  12  0:00  SCV  
  13  0:12  SCV  
  14  0:17  Supply Depot  
  14  0:24  SCV  
  15  0:39  SCV  
  15  0:41  Barracks  
  16  0:48  Refinery  
  16  0:53  SCV  
  17  1:05  SCV  
  18  1:17  SCV  
  19  1:30  Orbital Command  
  19  1:32  Reaper  
  20  1:47  Command Center  
  20  1:56  Refinery  
  20  1:59  SCV  
  21  2:09  Supply Depot  
  21  2:15  SCV  
  22  2:21  Factory  
  22  2:27  SCV  
  23  2:39  SCV  
  25  2:51  SCV  
  25  2:56  Supply Depot  
  25  2:58  Orbital Command  
  25  3:07  Barracks Reactor  
  25  3:09  SCV  
  26  3:15  Supply Depot  
  26  3:21  SCV  
  27  3:30  SCV  
  27  3:31  Factory  
  27  3:33  SCV  
  29  3:36  Supply Depot  
  29  3:42  SCV  
  29  3:45  SCV  
  31  3:52  Barracks Tech Lab  
  31  3:54  Hellion  
  31  3:55  Hellion  
  34  4:01  SCV  
  34  4:03  SCV  
  35  4:13  SCV  
  35  4:16  SCV  
  37  4:29  SCV x2  
  39  4:41  SCV x2  
  41  4:47  Supply Depot  
  41  4:48  Hellion  
  41  4:49  Hellion  
  45  4:53  SCV x2  
  45  4:54  Barracks Tech Lab  
  44  5:03  Siege Tank  
  44  5:05  SCV  
  47  5:16  Hellion x2  
  47  5:19  SCV  
  48  5:34  SCV  
  45  5:37  Hellion  
  45  5:39  Hellion  
  45  5:41  Supply Depot  
  45  5:42  Supply Depot  
  46  6:01  SCV, Siege Tank  
  50  6:10  Hellion  
  50  6:11  Hellion  
  54  6:14  SCV, Orbital Command  
  55  6:21  Supply Depot  
  55  6:23  Supply Depot  
  55  6:26  SCV  
  56  6:38  SCV  
  57  6:43  SCV  
  58  6:50  SCV  
  58  6:52  Siege Tank  
  60  6:55  SCV  
  60  6:58  Hellion x2  
  65  7:02  SCV, Supply Depot  
  65  7:03  Supply Depot  
  65  7:07  Armory  
  66  7:08  Engineering Bay  
  66  7:35  SCV  
  66  7:47  SCV, Orbital Command  
  62  7:56  Command Center  
  62  7:59  Missile Turret  
  62  8:04  Missile Turret  
Show
View Real Time Build Order
Export as new Build Order

Dobby Zerg - Winner!

Build Orders: Hatch First 

Get SALT Encoding   

  12  0:00  Drone  
  13  0:12  Overlord  
  13  0:17  Drone  
  14  0:32  Drone  
  14  0:33  Drone  
  16  0:49  Hatchery  
  15  0:52  Drone  
  15  0:56  Drone  
  17  1:00  Drone  
  18  1:07  Extractor  
  17  1:15  Spawning Pool  
  17  1:25  Drone  
  17  1:28  Drone  
  17  1:32  Drone  
  19  1:41  Drone  
  20  1:49  Drone  
  21  2:02  Zergling x2  
  21  2:03  Zergling x2, Queen x2  
  27  2:08  Metabolic Boost  
  27  2:13  Overlord  
  27  2:35  Drone  
  27  2:36  Extractor  
  27  2:37  Extractor, Drone  
  27  2:38  Overlord  
  27  2:39  Drone x2  
  29  2:46  Drone  
  29  2:51  Drone  
  31  2:54  Drone  
  32  3:11  Drone x3  
  35  3:12  Roach Warren  
  34  3:20  Drone  
  34  3:22  Overlord  
  34  3:25  Drone  
  34  3:26  Drone  
  37  3:59  Roach  
  37  4:00  Roach x6  
  51  4:15  Drone  
  51  4:29  Hatchery  
  49  4:34  Overlord  
  49  4:35  Overlord x2  
  49  4:39  Lair  
  49  5:28  Extractor, Drone x6  
  53  5:29  Drone, Queen  
  55  5:44  Ravager x5  
  55  5:45  Ravager  
  61  5:51  Drone x2  
  61  5:52  Drone  
  64  6:01  Extractor, Spire  
  64  6:02  Extractor  
  64  6:03  Drone x5  
  66  6:05  Queen  
  68  6:19  Drone x4  
  68  6:20  Drone x4  
  68  6:21  Overlord x2  
  76  6:58  Overlord x2  
  76  6:59  Overlord x2  
  76  7:12  Mutalisk  
  76  7:13  Mutalisk x10  
  98  7:15  Overlord  
  98  7:16  Overlord x2  
  98  7:34  Mutalisk x7  
  98  7:36  Mutalisk  
Tags
 
Add a new tag
Caveats
  • Supply blocks, unpowered buildings, or Contaminate may cause inaccurate times.
  • Supply counts are checked every 10 seconds.